 Dungeon Crawl Stone Soup version 0.23-a0-419-g0174fd8 (webtiles) character file.

5012 chorionicmirror the Protected (level 10, -2/82 HPs)
             Began as a Gnoll Wanderer on Nov 12, 2018.
             Was an Elder of Lugonu.
             Killed by divine providence
             ... invoked by an orc priest
              (18 damage)
             ... on level 9 of the Dungeon.
             The game lasted 00:34:50 (8376 turns).

chorionicmirror the Protected (Gnoll Wanderer)      Turns: 8376, Time: 00:34:51

Health: -2/82      AC: 18    Str: 20    XL:     10   Next: 54%
Magic:  23/26      EV: 20    Int: 14    God:    Lugonu [****..]
Gold:   451        SH:  0    Dex: 22    Spells: 16/19 levels left

rFire    . . .     SeeInvis +   u - +4 hand axe
rCold    + . .     Gourm    .   C - +0 buckler "Qaschinyz" {rPois Str+2}
rNeg     . . .     Faith    .   r - +4 ring mail of Pan-Flutes {-Tele rC+ Dex+2}
rPois    +         Spirit   .   k - +1 hat
rElec    .         Reflect  .   B - +1 cloak
rCorr    .         Harm     +   z - +0 pair of gloves
MR       .....     NoTele   +   m - +0 pair of boots
Stlth    ++........             w - amulet of harm
HPRegen  0.23/turn              g - ring of magical power
MPRegen  0.20/turn              t - ring of see invisible

@: confused, agile
A: distributed training, fangs 1, strong nose
a: Depart the Abyss, Bend Space, Banish, Corrupt, Renounce Religion


You were on level 9 of the Dungeon.
You worshipped Lugonu.
Lugonu was greatly pleased with you.
You were very hungry.

You visited 2 branches of the dungeon, and saw 10 of its levels.

You collected 451 gold pieces.

Inventory:

Hand Weapons
 b - a +0 hand crossbow
 e - a +2 dagger of holy wrath
 u - a +4 hand axe (weapon)
Missiles
 c - 99 bolts
 s - 4 throwing nets (quivered)
 v - 18 arrows
Armour
 k - a +1 hat (worn)
 m - a +0 pair of boots (worn)
 r - the +4 ring mail of Pan-Flutes (worn) {-Tele rC+ Dex+2}
   (You found it on level 5 of the Dungeon)

   It affects your dexterity (+2).
   It protects you from cold.
   It prevents most forms of teleportation.
 z - a +0 pair of gloves (worn)
 B - a +1 cloak (worn)
 C - the +0 buckler "Qaschinyz" (worn) {rPois Str+2}
   (You found it on level 7 of the Dungeon)

   It affects your strength (+2).
   It protects you from poison.
Magical Staves
 G - an uncursed staff of fire
Jewellery
 g - a ring of magical power (left hand)
 l - an uncursed ring of ice
 t - a ring of see invisible (right hand)
 w - an amulet of harm (around neck)
Wands
 o - a wand of iceblast (8)
 A - a wand of acid (4)
Scrolls
 h - 6 scrolls of remove curse
 p - 2 scrolls of magic mapping
 y - 3 scrolls of teleportation
 F - a scroll of identify
Potions
 d - a potion of agility
 i - a potion of brilliance
 j - 3 potions of curing
 n - a potion of haste
 q - a potion of flight
 x - a potion of heal wounds {unknown}
 D - 3 potions of berserk rage {unknown}
Comestibles
 f - 15 rations
 E - 2 chunks of flesh


   Skills:
 + Level 8.5 Fighting
 + Level 5.3 Short Blades
 + Level 5.3 Long Blades
 + Level 5.3 Axes
 + Level 5.3 Maces & Flails
 + Level 5.3 Polearms
 + Level 5.3 Staves
 + Level 5.3 Slings
 + Level 5.3 Bows
 + Level 5.3 Crossbows
 + Level 5.3 Throwing
 + Level 11.5 Armour
 + Level 5.3 Dodging
 + Level 5.3 Stealth
 + Level 7.1 Shields
 + Level 5.3 Unarmed Combat
 + Level 5.3 Spellcasting
 + Level 4.3 Conjurations
 + Level 4.3 Hexes
 + Level 4.3 Charms
 + Level 4.3 Summonings
 + Level 4.3 Necromancy
 + Level 4.3 Translocations
 + Level 4.3 Transmutations
 + Level 4.3 Fire Magic
 + Level 4.3 Ice Magic
 + Level 4.3 Air Magic
 + Level 4.3 Earth Magic
 + Level 4.3 Poison Magic
 + Level 5.8 Invocations
 + Level 5.3 Evocations


You had 16 spell levels left.
You knew the following spells:

 Your Spells              Type           Power        Failure   Level  Hunger
a - Gell's Gravitas       Tloc           ###.......   12%         3    ###....

Your spell library contained the following spells:

 Spells                   Type           Power        Failure   Level  Hunger
 Confusing Touch          Hex            ###...       4%          1    None
 Confuse                  Hex            ###.....     12%         3    ###....
 Petrify                  Tmut/Erth      ###.....     38%         4    ####...
 Metabolic Englaciation   Hex/Ice        ###.......   75%         5    ######.
 Yara's Violent Unravell  Hex/Tmut       ###.......   75%         5    ######.


Dungeon Overview and Level Annotations

Branches:
Dungeon (9/15)             Temple (0/1) D:4            Lair (1/6) D:8
    Orc (0/2) D:9

Altars:
Gozag
Makhleb
Trog
Lugonu

Shops:
D:4 *   D:6 %


Innate Abilities, Weirdness & Mutations

Your experience applies equally to all skills.
You have very sharp teeth.
Your uncanny sense of smell can sniff out nearby items.


Message History

It was a potion of ambrosia.
You are confused.
You feel invigorated. The warg closely misses you.
The orc priest casts a cantrip, but nothing happens.
You're too confused to cast spells.
Okay, then.
You barely miss the warg. Your bite misses the warg.
The warg is heavily wounded.
The warg misses you.
The orc priest calls upon Beogh to heal the orc.
The orc's wounds heal themselves!
You're too confused to move!
The warg closely misses you.
The orc priest calls down the wrath of Beogh upon you.
Beogh smites you!
* * * LOW HITPOINT WARNING * * *
The warg bites you but does no damage.
You bump into the rock wall.
The orc priest calls down the wrath of Beogh upon you.
Beogh smites you!
You die...

.###########...####
..................#########.#.
..............................
...###.............########.#.
...# #..............#
...'.'............#.#
...###..)...>.....#..# ...#
#............##.# ...#
#######..##@## ..#
.#########.##h####.#
...........ooco..%...
..........∆ooo†.##..#
.......##.o)....#
.......##.......#
........(.......#
......)(...##......
.....)..?..##.......


You could see a warg, an orc warrior, a centaur, 3 orc priests, an orc wizard
(invisible) and an orc.

Vanquished Creatures
  Harold (D:8)
  A two-headed ogre (D:8)
  Grinder (D:3)
  A hippogriff (D:8)
  A water moccasin (D:8)
  3 orc warriors
  An ice beast (D:7)
  6 phantoms
  3 sky beasts
  2 ogres
  An eye of draining (D:9)
  A centaur (D:5)
  A big kobold (D:7)
  2 bullfrogs
  A wyvern zombie (D:7)
  A scorpion (D:4)
  4 wights (D:5)
  A howler monkey (D:6)
  4 crimson imps
  An orc priest (D:9)
  4 jellies
  5 hounds
  4 bullfrog skeletons
  3 orc wizards
  An iguana (D:4)
  7 worker ants
  2 hound zombies
  A mummy (D:8)
  A worker ant zombie (D:5)
  5 adders
  10 gnolls
  3 shadow imps
  7 oozes
  4 worms
  3 dart slugs
  7 leopard geckos
  24 orcs
  5 bats
  7 giant cockroaches
  7 goblins
  2 hobgoblins
  12 jackals
  13 kobolds
  3 quokkas
  A ball python (D:3)
  A ball python skeleton (D:3)
  5 frilled lizards
  A hobgoblin zombie (D:8)
  2 kobold zombies (D:8)
  A leopard gecko zombie (D:5)
  An orc zombie (D:8)
  A quokka skeleton (D:5)
  5 rats
195 creatures vanquished.

Vanquished Creatures (others)
  7 toadstools (D:2)
7 creatures vanquished.

Grand Total: 202 creatures vanquished

Notes
Turn   | Place    | Note
-------+----------+-------------------------------------------
     0 | D:1      | Reached skill level 10 in Armour
     0 | D:1      | chorionicmirror the Gnoll Wanderer began the quest for the
                  | Orb.
     0 | D:1      | chorionicmirror set off with the following items: a +2
                  | scale mail, a +0 hand crossbow, 21 bolts, a +0 buckler, a
                  | ration
     0 | D:1      | Reached XP level 1. HP: 23/23 MP: 1/1
   312 | D:1      | Reached XP level 2. HP: 28/29 MP: 2/2
   523 | D:2      | Found a faded altar of an unknown god.
   540 | D:2      | Reached XP level 3. HP: 31/35 MP: 3/3
   561 | D:2      | Reached skill level 1 in Invocations
   572 | D:2      | Reached skill level 1 in Short Blades
   572 | D:2      | Reached skill level 1 in Long Blades
   572 | D:2      | Reached skill level 1 in Axes
   572 | D:2      | Reached skill level 1 in Maces & Flails
   572 | D:2      | Reached skill level 1 in Polearms
   572 | D:2      | Reached skill level 1 in Staves
   572 | D:2      | Reached skill level 1 in Slings
   572 | D:2      | Reached skill level 1 in Bows
   572 | D:2      | Reached skill level 1 in Crossbows
   572 | D:2      | Reached skill level 1 in Throwing
   572 | D:2      | Reached skill level 1 in Dodging
   572 | D:2      | Reached skill level 1 in Stealth
   572 | D:2      | Reached skill level 1 in Unarmed Combat
   572 | D:2      | Reached skill level 1 in Spellcasting
   572 | D:2      | Reached skill level 1 in Evocations
   593 | D:2      | Became a worshipper of Lugonu the Unformed
   593 | D:2      | Reached * piety under Lugonu
   593 | D:2      | Reached ** piety under Lugonu
   611 | D:2      | Reached XP level 4. HP: 21/41 MP: 3/5
  1216 | D:3      | Reached skill level 1 in Conjurations
  1216 | D:3      | Reached skill level 1 in Hexes
  1216 | D:3      | Reached skill level 1 in Charms
  1216 | D:3      | Reached skill level 1 in Summonings
  1216 | D:3      | Reached skill level 1 in Necromancy
  1216 | D:3      | Reached skill level 1 in Translocations
  1216 | D:3      | Reached skill level 1 in Transmutations
  1216 | D:3      | Reached skill level 1 in Fire Magic
  1216 | D:3      | Reached skill level 1 in Ice Magic
  1216 | D:3      | Reached skill level 1 in Air Magic
  1216 | D:3      | Reached skill level 1 in Earth Magic
  1216 | D:3      | Reached skill level 1 in Poison Magic
  1272 | D:3      | Noticed Grinder
  1272 | D:3      | Paralysed by Grinder for 7 turns
  1622 | D:3      | Reached XP level 5. HP: 46/47 MP: 6/6
  1731 | D:3      | Reached *** piety under Lugonu
  1802 | D:3      | Paralysed by Grinder for 5 turns
  1816 | D:3      | Paralysed by Grinder for 4 turns
  1822 | D:3      | Killed Grinder
  1822 | D:3      | Reached skill level 5 in Shields
  1822 | D:3      | Reached XP level 6. HP: 20/53 MP: 6/8
  2284 | D:4      | Reached XP level 7. HP: 52/59 MP: 10/10
  2349 | D:4      | Found Ydghexug's Assorted Antiques.
  2573 | D:4      | Found a staircase to the Ecumenical Temple.
  2874 | D:4      | Reached XP level 8. HP: 66/67 MP: 12/12
  3077 | D:5      | Entered Level 5 of the Dungeon
  3135 | D:5      | Reached **** piety under Lugonu
  3903 | D:5      | Found a burning altar of Makhleb.
  4034 | D:5      | Got a shimmering ring mail
  4045 | D:5      | Identified the +4 ring mail of Pan-Flutes {-Tele rC+ Dex+2}
                  | (You found it on level 5 of the Dungeon)
  4389 | D:6      | Found an opulent altar of Gozag.
  4686 | D:6      | Found Xacsu's Food Shoppe.
  5523 | D:6      | Reached skill level 11 in Armour
  5523 | D:6      | Reached XP level 9. HP: 72/72 MP: 14/14
  5555 | D:6      | Learned a level 3 spell: Gell's Gravitas
  6867 | D:7      | Got a steaming buckler
  6878 | D:7      | Identified the cursed +0 buckler "Qaschinyz" {rPois Str+2}
                  | (You found it on level 7 of the Dungeon)
  6919 | D:8      | Noticed Harold
  6958 | D:8      | Killed Harold
  6958 | D:8      | Reached skill level 5 in Invocations
  6958 | D:8      | Reached XP level 10. HP: 17/80 MP: 0/17
  7443 | D:8      | Found a staircase to the Lair.
  7498 | D:8      | Found a bloodstained altar of Trog.
  7669 | D:8      | Reached skill level 5 in Short Blades
  7669 | D:8      | Reached skill level 5 in Long Blades
  7669 | D:8      | Reached skill level 5 in Axes
  7669 | D:8      | Reached skill level 5 in Maces & Flails
  7669 | D:8      | Reached skill level 5 in Polearms
  7669 | D:8      | Reached skill level 5 in Staves
  7669 | D:8      | Reached skill level 5 in Slings
  7669 | D:8      | Reached skill level 5 in Bows
  7669 | D:8      | Reached skill level 5 in Crossbows
  7669 | D:8      | Reached skill level 5 in Throwing
  7669 | D:8      | Reached skill level 5 in Dodging
  7669 | D:8      | Reached skill level 5 in Stealth
  7669 | D:8      | Reached skill level 5 in Unarmed Combat
  7669 | D:8      | Reached skill level 5 in Spellcasting
  7669 | D:8      | Reached skill level 5 in Evocations
  7738 | D:8      | Noticed a two-headed ogre
  7819 | D:8      | Killed a two-headed ogre
  8160 | Lair:1   | Entered Level 1 of the Lair of Beasts
  8160 | Lair:1   | Noticed a four-headed hydra
  8350 | D:9      | Found a staircase to the Orcish Mines.
  8369 | D:9      | HP: 3/82 [orc priest/divine providence (9)]
  8376 | D:9      | Killed from afar by an orc priest

Vault maps used:
D:1:      eino_arrival_cavern_a
D:2:      cheibrodos_fertilizer, chequers_ecumenical_altar_simple_redux,
          minmay_pentomino_u2
D:3:      uniq_grinder
D:4:      minmay_temple_entry_overgrown, serial_shops, nicolae_shop_trees,
          first_ration
D:5:      makhleb_blood_cavern_becter
D:6:      serial_shops, kennysheep_mini, grunt_gozag_statues
D:8:      old_standard_altar, lair_entry_dummy, hangedman_little_slice_of_home,
          minmay_mini_ossuary, uniq_harold
D:9:      erik_orc_4
Lair:1:   infiniplex_staircase_pool

Skill      XL: |  1  2  3  4  5  6  7  8  9 10 |
---------------+-------------------------------+-----
Armour         | 11 | 11.5
Invocations    | 1 2 3 4 5 |  5.8
Short Blades   | 1 2 3 4 5 |  5.3
Long Blades    | 1 2 3 4 5 |  5.3
Axes           | 1 2 3 4 5 |  5.3
Maces & Flails | 1 2 3 4 5 |  5.3
Polearms       | 1 2 3 4 5 |  5.3
Staves         | 1 2 3 4 5 |  5.3
Slings         | 1 2 3 4 5 |  5.3
Bows           | 1 2 3 4 5 |  5.3
Crossbows      | 1 2 3 4 5 |  5.3
Throwing       | 1 2 3 4 5 |  5.3
Dodging        | 1 2 3 4 5 |  5.3
Stealth        | 1 2 3 4 5 |  5.3
Unarmed Combat | 1 2 3 4 5 |  5.3
Spellcasting   | 1 2 3 4 5 |  5.3
Evocations     | 1 2 3 4 5 |  5.3
Conjurations   | 1 2 3 4 |  4.3
Hexes          | 1 2 3 4 |  4.3
Charms         | 1 2 3 4 |  4.3
Summonings     | 1 2 3 4 |  4.3
Necromancy     | 1 2 3 4 |  4.3
Translocations | 1 2 3 4 |  4.3
Transmutations | 1 2 3 4 |  4.3
Fire Magic     | 1 2 3 4 |  4.3
Ice Magic      | 1 2 3 4 |  4.3
Air Magic      | 1 2 3 4 |  4.3
Earth Magic    | 1 2 3 4 |  4.3
Poison Magic   | 1 2 3 4 |  4.3
Shields        | 5 6 7 |  7.1
Fighting       | 7 8 |  8.5

Action                   |  1- 3 |  4- 6 |  7- 9 | 10-12 || total
-------------------------+-------+-------+-------+-------++-------
Melee: Dagger            |    85 |   238 |   753 |   100 ||  1176
       Bite              |    13 |    25 |   122 |    24 ||   184
       Hand axe          |       |       |       |    28 ||    28
 Cast: Gell's Gravitas   |       |       |    19 |    16 ||    35
Invok: Bend Space        |     1 |     1 |       |       ||     2
       Banish            |       |       |       |     1 ||     1
Evoke: Wand              |       |       |     1 |     1 ||     2
  Use: Scroll            |     2 |     3 |     7 |       ||    12
       Potion            |       |       |     4 |     5 ||     9
 Stab: Sleeping          |       |       |     1 |     1 ||     2
  Eat: Chunk             |       |     5 |     8 |     2 ||    15
       Ration            |       |       |     4 |       ||     4
Armor: Scale mail        |    51 |   101 |   106 |       ||   258
       Ring mail         |       |       |    97 |    37 ||   134
Dodge: Dodged            |    44 |    80 |   294 |    74 ||   492
Block: Buckler           |    15 |    52 |   162 |    29 ||   258

Table legend:
 A = Non-vault XP
 B = Vault XP
 C = Vault XP percentage of total XP
 D = Non-vault monster count
 E = Vault monster count
 F = Vault count percentage of total count
                 A         B        C        D         E       F
            +---------+---------+-------+---------+---------+-------
      Total |    5546 |    1615 |  22.6 |     169 |      26 |  13.3
            +---------+---------+-------+---------+---------+-------
        D:1 |      24 |       0 |   0.0 |       8 |       0 |   0.0
        D:2 |     100 |       3 |   2.9 |      17 |       2 |  10.5
        D:3 |      52 |     281 |  84.4 |      27 |       1 |   3.6
        D:4 |     775 |       0 |   0.0 |      24 |       0 |   0.0
        D:5 |     779 |      43 |   5.2 |      27 |       1 |   3.6
        D:6 |     385 |       0 |   0.0 |      13 |       0 |   0.0
        D:7 |    1094 |       0 |   0.0 |      30 |       0 |   0.0
        D:8 |    1906 |    1192 |  38.5 |      14 |      14 |  50.0
        D:9 |     431 |      96 |  18.2 |       9 |       8 |  47.1
            +---------+---------+-------+---------+---------+-------
